 Dungeon Crawl Stone Soup version 0.25.1-2-g60ff931df9 (webtiles) character file.

Game seed: 6350606957477645655

225 coolio the Chopper (level 6, -13/53 HPs)
             Began as a Hill Orc Fighter on Oct 13, 2020.
             Was an Initiate of Beogh.
             Mangled by an ogre
             ... wielding a +0 giant spiked club
              (26 damage)
             ... on level 4 of the Dungeon.
             The game lasted 00:03:11 (3030 turns).

coolio the Chopper (Hill Orc Fighter)               Turns: 3030, Time: 00:03:11

Health: -13/53     AC: 12    Str: 21    XL:     6   Next: 1%
Magic:  6/6        EV:  7    Int:  8    God:    Beogh [......]
Gold:   129        SH:  5    Dex: 10    Spells: 5/5 levels left

rFire    . . .     SeeInvis .   a - +0 war axe
rCold    . . .     Gourm    .   (no shield)
rNeg     . . .     Faith    .   g - +1 chain mail
rPois    .         Spirit   .   (no helmet)
rElec    .         Reflect  +   (no cloak)
rCorr    .         Harm     .   l - +0 pair of gloves
MR       .....                  (no boots)
Stlth    ..........             j - amulet of reflection
HPRegen  0.17/turn              (no ring)
MPRegen  0.10/turn              (no ring)

@: no status effects
A: no striking features
a: Renounce Religion


You were on level 4 of the Dungeon.
You worshipped Beogh.
Beogh was noncommittal.
You were not hungry.

You visited 1 branch of the dungeon, and saw 4 of its levels.

You collected 129 gold pieces.

Inventory:

Hand Weapons
 a - a +0 war axe (weapon)
Armour
 g - a +1 chain mail (worn)
 l - a +0 pair of gloves (worn)
Jewellery
 j - an amulet of reflection (around neck)
 o - an uncursed ring of wizardry {unknown}
 t - an uncursed ring of see invisible {unknown}
Scrolls
 c - a scroll of teleportation
 h - a scroll of amnesia
 k - 3 scrolls of identify
 q - a scroll of immolation
Potions
 d - 2 potions of might
 i - a potion of flight {unknown}
 n - a potion of invisibility {unknown}
 p - 2 potions of brilliance {unknown}
 s - 3 potions of heal wounds {unknown}
 u - a potion of cancellation {unknown}
 w - a potion of lignification {unknown}
 z - a potion of mutation {unknown}
Comestibles
 f - 3 rations


   Skills:
 + Level 4.7 Fighting
 * Level 5.4 Axes
 * Level 5.1 Armour
   Level 3.2 Shields


You had 5 spell levels left.
You didn't know any spells.
Your spell library was empty.

Dungeon Overview and Level Annotations

Branches:
Dungeon (4/15)
 Temple: D:4-7

Altars:
Dithmenos


Message History

You feel stronger.
You hear the rusting of a distant drain.
The gnoll hits you but does no damage.
A giant cockroach comes into view.
You hit the ogre.
The ogre is lightly wounded.
The gnoll hits you but does no damage.
The ogre hits you with a +0 giant spiked club.
You hit the ogre.
The ogre is lightly wounded.
The gnoll completely misses you.
The ogre hits you with a +0 giant spiked club!!
Ouch! That really hurt!
* * * LOW HITPOINT WARNING * * *
You slash the ogre!
The ogre is moderately wounded.
The gnoll hits you from afar with a +0 halberd.
* * * LOW HITPOINT WARNING * * *
The ogre hits you with a +0 giant spiked club!!
You die...

. . .. ##. #. ... ..
..# #.##.
#....g##### #sgO@.>#
. ##.###)# ### #. #
#.# ... ...
#.###.#####[#######.
#................
#####.....[.###
#########


You could see an ogre, 2 gnolls and a giant cockroach.

Vanquished Creatures
  A gnoll shaman (D:4)
  Terence (D:2)
  An orc wizard (D:4)
  5 gnolls (D:4)
  5 adders
  2 worms
  8 orcs
  2 giant cockroaches
  7 goblins
  5 hobgoblins
  7 jackals
  2 quokkas (D:3)
  6 bats
  7 frilled lizards
  4 kobolds
  A quokka skeleton (D:4)
  8 rats
72 creatures vanquished.

Vanquished Creatures (others)
  2 gnolls (D:4)
  An orc (D:4)
3 creatures vanquished.

Grand Total: 75 creatures vanquished

Notes
Turn   | Place    | Note
-------+----------+-------------------------------------------
     0 | D:1      | coolio the Hill Orc Fighter began the quest for the Orb.
     0 | D:1      | Reached XP level 1. HP: 19/19 MP: 1/1
   186 | D:1      | Reached XP level 2. HP: 27/27 MP: 2/2
   926 | D:2      | Reached XP level 3. HP: 33/33 MP: 3/3
  1255 | D:2      | Noticed Terence
  1269 | D:2      | Killed Terence
  1269 | D:2      | Reached XP level 4. HP: 31/40 MP: 4/4
  2521 | D:3      | Reached XP level 5. HP: 42/47 MP: 5/5
  2902 | D:4      | Found a shadowy altar of Dithmenos.
  2905 | D:4      | Became a worshipper of Beogh the Brigand
  3006 | D:4      | Reached skill level 5 in Axes
  3006 | D:4      | Reached skill level 5 in Armour
  3019 | D:4      | Noticed an ogre
  3027 | D:4      | Reached XP level 6. HP: 47/53 MP: 6/6
  3030 | D:4      | Mangled by an ogre

Illustrated notes

Levels and vault maps discovered:
D:1:      scummos_arrival_forest, layout_loops_ring
D:2:      layout_basic, minmay_misc_feat_enclosed, uniq_terence
D:3:      layout_loops_ring
D:4:      layout_loops_ring, minmay_temple_entry_crystal_x,
          portal_sewer_entry_b, first_ration, nicolae_dithmenos_shadow_blocks

Skill      XL: |  1  2  3  4  5 |
---------------+----------------+-----
Axes           | 3 4 5 |  5.4
Fighting       | 4 |  4.7
Armour         | 4 5 |  5.1
Shields        | |  3.2

Action                   |  1- 3 |  4- 6 || total
-------------------------+-------+-------++-------
Melee: War axe           |    92 |   157 ||   249
Invok: Convert to Beogh  |       |     1 ||     1
  Use: Scroll            |       |     8 ||     8
  Eat: Chunk             |     1 |     6 ||     7
Armor: Scale mail        |    40 |     2 ||    42
       Chain mail        |       |    95 ||    95
Dodge: Dodged            |    50 |    50 ||   100
Block: Other             |    17 |    44 ||    61
       Reflection        |     1 |     1 ||     2
